 Dungeon Crawl Stone Soup version 0.28-a0-1493-g08698888e4 (webtiles) character file.

Game seed: 1699905738518915407

4597 fragbeetle the Geomancer (level 10, -1/63 HPs)
             Began as a Gargoyle Earth Elementalist on Jan 13, 2022.
             Was a Follower of Sif Muna.
             Slain by Gastronok (19 damage)
             ... on level 9 of the Dungeon.
             The game lasted 00:36:40 (11297 turns).

fragbeetle the Geomancer (GrEE)                    Turns: 11297, Time: 00:36:40

Health: -1/63      AC: 14    Str: 12    XL:     10   Next: 41%
Magic:  25/26      EV: 13    Int: 24    God:    Sif Muna [*.....]
Gold:   458        SH:  0    Dex: 12    Spells: 5/19 levels left

rFire   . . .      SeeInvis .   b - +0 shortbow
rCold   . . .      Faith    .   (shield currently unavailable)
rNeg    + . .      Spirit   .   H - +0 steam dragon scales
rPois   ∞          Reflect  .   j - +0 helmet
rElec   +          Harm     .   f - +0 cloak
rCorr   .          Rampage  .   (no gloves)
Will    .....                   (no boots)
Stlth   ++........              u - amulet of magic regeneration
HPRegen 0.20/turn               k - +6 ring of intelligence
MPRegen 0.60/turn               B - ring of magical power

@: slowed, studying Fighting, very slow
A: sickness immunity, AC +7, negative energy resistance 1, electricity
resistance, torment resistance 1, petrification resistance
a: Renounce Religion, Channel Magic


You were on level 9 of the Dungeon.
You worshipped Sif Muna.
Sif Muna was aware of your devotion.
You visited 3 branches of the dungeon, and saw 11 of its levels.

You collected 548 gold pieces.
You spent 90 gold pieces at shops.

Inventory:

Hand Weapons
 a - a +3 trident
 b - a +0 shortbow (weapon)
 E - a +0 mace of protection
Missiles
 c - 162 stones
 t - 2 curare-tipped darts
 A - 51 arrows (quivered ammo)
 D - a throwing net
Armour
 f - a +0 cloak (worn)
 j - a +0 helmet (worn)
 H - +0 steam dragon scales (worn)
Jewellery
 k - a +6 ring of intelligence (left hand)
 n - an amulet of regeneration
 u - an amulet of magic regeneration (around neck)
 B - a ring of magical power (right hand)
 F - a ring of resist corrosion
Wands
 z - a wand of paralysis (12)
 L - a wand of polymorph (4)
Scrolls
 d - a scroll of summoning {unknown}
 i - a scroll of enchant weapon {unknown}
 o - 2 scrolls of holy word
 v - 3 scrolls of teleportation
 y - a scroll of noise {unknown}
 I - a scroll of amnesia {unknown}
 N - a scroll of silence {unknown}
Potions
 e - 3 potions of heal wounds
 h - a potion of ambrosia {unknown}
 m - a potion of brilliance {unknown}
 q - a potion of cancellation {unknown}
 r - a potion of flight {unknown}
 w - a potion of lignification {unknown}
 x - a potion of curing
 C - a potion of magic {unknown}
 J - a potion of degeneration {unknown}
 K - a potion of resistance {unknown}
 M - a potion of haste {unknown}


   Skills:
 + Level 7.2 Fighting
 + Level 5.1 Dodging
 - Level 3.2 Stealth
 + Level 5.3 Spellcasting
 + Level 5.9 Conjurations
 + Level 3.2 Transmutations
 + Level 2.2 Fire Magic
 + Level 8.2 Earth Magic
 - Level 4.4 Poison Magic
 + Level 2.5 Invocations


You had 5 spell levels left.
You knew the following spells:

 Your Spells              Type           Power      Damage    Failure   Level
a - Sandblast             Erth           90%        2d19      1%          1
b - Stone Arrow           Conj/Erth      80%        3d12      1%          3
c - Mephitic Cloud        Conj/Pois/Air  22%        N/A       6%          3
d - Petrify               Tmut/Erth      34%        N/A       8%          4
e - Ignite Poison         Fire/Tmut/Pois 22%        N/A       7%          3

Your spell library contained the following spells:

 Spells                   Type           Power      Damage    Failure   Level
 Sting                    Tmut/Pois      100%       1d8       1%          1
 Passwall                 Tmut/Erth      28%        N/A       1%          2
 Static Discharge         Conj/Air       20%        N/A       3%          2
 Wereblood                Tmut           22%        N/A       3%          2
 Poisonous Vapours        Pois/Air       34%        N/A       5%          2
 Spider Form              Tmut/Pois      25%        N/A       5%          3
 Animate Skeleton         Necr           12%        N/A       9%          1
 Apportation              Tloc           12%        N/A       9%          1
 Summon Small Mammal      Summ           24%        N/A       9%          1
 Ensorcelled Hibernation  Hex/Ice        12%        N/A       13%         2
 Olgreb's Toxic Radiance  Pois           27%        N/A       14%         4
 Sticky Flame             Conj/Fire      25%        2d5       16%         4
 Frozen Ramparts          Ice            12%        1d3       26%         3
 Swiftness                Air            6%         N/A       26%         3
 Irradiate                Conj/Tmut      14%        3d18      34%         5
 Ice Form                 Ice/Tmut       14%        N/A       41%         4
 Alistair's Intoxication  Tmut/Pois      16%        N/A       43%         5
 Anguish                  Hex/Necr       3%         N/A       65%         4
 Dispel Undead            Necr           6%         3d8       65%         4
 Summon Ice Beast         Ice/Summ       6%         N/A       65%         4
 Freezing Cloud           Conj/Ice/Air   7%         6-21      71%         5
 Summon Mana Viper        Hex/Summ       6%         N/A       94%         5
 Malign Gateway           Summ/Tloc      3%         N/A       100%        7
 Monstrous Menagerie      Summ           3%         N/A       100%        7
 Summon Hydra             Summ           3%         N/A       100%        7
 Summon Horrible Things   Summ           3%         N/A       100%        8
 Sublimation of Blood     Necr           Unusable   N/A       N/A         2

Dungeon Overview and Level Annotations

Branches:
Dungeon (9/15)             Temple (1/1) D:7            Lair (1/6) D:9
    Orc: D:9-12

Altars:
Ashenzari
Cheibriados
Dithmenos
Fedhas
Gozag
Hepliaklqana
Kikubaaqudgha
Makhleb
Nemelex Xobeh
Okawaru
Qazlal
Ru
Sif Muna
Uskayaw
Wu Jian
Xom
Yredelemnul
Zin
The Shining One

Shops:
D:6 =

Annotations:
D:4 Pikel
D:9 Gastronok


Innate Abilities, Weirdness & Mutations

You are immune to sickness and miasma.
Your stone body is resilient. (AC +7)
You are immune to poison.
You resist negative energy. (rN+)
You are resistant to electric shocks. (rElec)
You are resistant to unholy torment.
You are immune to petrification.


Message History

The blast of sand hits Gastronok!!
Gastronok is heavily wounded.
c - 166 stones
Casting: Sandblast (safe; 1% risk of failure)
Confirm with . or Enter, or press ? or * to list all spells.
Aiming: Sandblast (safe; 1% risk of failure)
Press: ? - help, Shift-Dir - straight line, f/p - Gastronok
Aim: Gastronok, wearing a +0 hat of see invisible (heavily wounded, covering ground quickly, poisoned, 100% to hit)
The blast of sand hits Gastronok!!
Gastronok is severely wounded.
c - 165 stones
Casting: Sandblast (safe; 1% risk of failure)
Confirm with . or Enter, or press ? or * to list all spells.
Aiming: Sandblast (safe; 1% risk of failure)
Press: ? - help, Shift-Dir - straight line, f/p - Gastronok
Aim: Gastronok, wearing a +0 hat of see invisible (severely wounded, covering ground quickly, poisoned, 100% to hit)
The blast of sand hits Gastronok!!
Gastronok is severely wounded.
c - 164 stones Gastronok looks more healthy.
Gastronok bites you!
* * * LOW HITPOINT WARNING * * *
Casting: Sandblast (safe; 1% risk of failure)
Confirm with . or Enter, or press ? or * to list all spells.
Aiming: Sandblast (safe; 1% risk of failure)
Press: ? - help, Shift-Dir - straight line, f/p - Gastronok
Aim: Gastronok, wearing a +0 hat of see invisible (severely wounded, covering ground quickly, 100% to hit)
The blast of sand hits Gastronok.
Gastronok is almost dead.
c - 163 stones
Casting: Sandblast (safe; 1% risk of failure)
Confirm with . or Enter, or press ? or * to list all spells.
Aiming: Sandblast (safe; 1% risk of failure)
Press: ? - help, Shift-Dir - straight line, f/p - Gastronok
Aim: Gastronok, wearing a +0 hat of see invisible (almost dead, covering ground quickly, 100% to hit)
The blast of sand hits Gastronok!
Gastronok is almost dead.
c - 162 stones Gastronok makes a strange noise.
Gastronok bites you!!
You die...

#.^....# #.####.# #.# #.#
#.####.##########
...#............#
####.#..........##
#.########...##.#
####.#..........##.# #
.......>...##...@w.###.#
.........#.###.#.....#.
##
######.#...#.#.#...(.....
#.......#.#...#(#.####w
####[...#.#...#<.?.....
##...#.#...#.#.##.##
#J..#.##.##.# # ##..#
.##.# #..# #.#


You could see Gastronok (swift).

Vanquished Creatures
  Erolcha (D:9)
  Maurice (D:9)
  3 slime creatures (D:9)
  A shadow (D:9)
  A wyvern (D:8)
  A steam dragon (D:7)
  4 water moccasins
  An ice beast (D:7)
  3 orc warriors
  A black bear (D:6)
  An ogre (D:6)
  2 phantoms
  3 centaurs
  3 lemures (D:5)
  A bullfrog (D:7)
  A gnoll sergeant (D:9)
  8 wights (D:7)
  2 howler monkeys
  2 centaur zombies
  A bullfrog zombie (D:5)
  5 hounds
  A bullfrog skeleton (D:4)
  A centaur skeleton (D:6)
  2 iguanas
  5 orc wizards
  A howler monkey skeleton (D:5)
  2 howler monkey zombies (D:9)
  5 gnolls (D:9)
  5 adders
  A shadow imp (D:6)
  A white imp (D:5)
  A worm (D:3)
  3 dart slugs
  24 orcs
  4 ball pythons
  6 endoplasms
  4 giant cockroaches
  10 goblins
  8 hobgoblins
  7 jackals (D:1)
  5 kobolds
  6 quokkas
  7 bats
  3 frilled lizards
  6 rats
164 creatures vanquished.

Vanquished Creatures (others)
  An orc wizard (D:8)
1 creature vanquished.

Grand Total: 165 creatures vanquished

Notes
Turn   | Place    | Note
-------+----------+-------------------------------------------
     0 | D:1      | fragbeetle the Gargoyle Earth Elementalist began the quest
                  | for the Orb.
     0 | D:1      | Reached XP level 1. HP: 10/10 MP: 3/3
   385 | D:1      | Reached XP level 2. HP: 16/16 MP: 5/5
   393 | D:1      | Reached skill level 1 in Transmutations
   396 | D:1      | Reached skill level 4 in Earth Magic
  1071 | D:1      | Reached XP level 3. HP: 15/20 MP: 6/6
  1073 | D:1      | Reached skill level 1 in Fighting
  1093 | D:1      | Learned a level 3 spell: Stone Arrow
  1304 | D:1      | Found a faded altar of an unknown god.
  2097 | D:2      | Reached XP level 4. HP: 25/25 MP: 7/7
  2947 | D:3      | Reached skill level 5 in Earth Magic
  3007 | D:2      | Reached XP level 5. HP: 27/30 MP: 8/8
  3237 | D:3      | Learned a level 3 spell: Mephitic Cloud
  3843 | D:4      | Reached skill level 1 in Conjurations
  3968 | D:4      | Reached skill level 1 in Poison Magic
  3968 | D:4      | Reached XP level 6. HP: 29/36 MP: 9/9
  5442 | D:5      | Entered Level 5 of the Dungeon
  5605 | D:5      | Reached XP level 7. HP: 37/41 MP: 4/11
  5732 | D:5      | Noticed Pikel
  6155 | D:5      | Found Zin's Purification Station.
  6158 | D:5      | Found a glowing silver altar of Zin.
  6163 | D:5      | Bought a potion of curing for 90 gold pieces
  6234 | D:5      | Found a stormy altar of Qazlal.
  6562 | D:6      | Reached skill level 6 in Earth Magic
  6656 | D:6      | Reached XP level 8. HP: 47/48 MP: 9/12
  6970 | D:6      | Found Righaett's Jewellery Emporium.
  7538 | D:7      | Found a staircase to the Ecumenical Temple.
  7555 | Temple   | Entered the Ecumenical Temple
  7800 | Temple   | Became a worshipper of Sif Muna the Loreminder
  8007 | D:7      | Noticed a wyvern
  8230 | D:7      | Reached XP level 9. HP: 29/53 MP: 13/15
  8243 | D:7      | Reached skill level 7 in Earth Magic
  8363 | D:7      | Reached skill level 5 in Fighting
  8990 | D:8      | Found an opulent altar of Gozag.
  8998 | D:8      | Found an opulent altar of Gozag.
  8998 | D:8      | Found an opulent altar of Gozag.
  9019 | D:8      | Found an opulent altar of Gozag.
  9917 | D:8      | Reached skill level 5 in Conjurations
  9938 | D:8      | Learned a level 4 spell: Petrify
  9942 | D:8      | Learned a level 3 spell: Ignite Poison
 10006 | D:8      | Reached * piety under Sif Muna
 10442 | D:9      | Reached skill level 1 in Fire Magic
 10442 | D:9      | Reached skill level 1 in Invocations
 10499 | D:9      | Reached XP level 10. HP: 35/61 MP: 15/17
 10508 | D:9      | Reached skill level 5 in Spellcasting
 10744 | D:9      | Noticed Erolcha
 10747 | D:9      | Killed Erolcha
 10748 | D:9      | Reached skill level 5 in Dodging
 10748 | D:9      | Reached skill level 8 in Earth Magic
 10795 | D:9      | Noticed Maurice
 10837 | D:9      | Noticed Gastronok
 11117 | D:9      | Found a staircase to the Lair.
 11131 | Lair:1   | Entered Level 1 of the Lair of Beasts
 11178 | D:9      | Killed Maurice
 11297 | D:9      | Slain by Gastronok

Illustrated notes

Levels and vault maps discovered:
D:1:      dpeg_arrival_water_fire, layout_basic, ebering_ecumenical_altar_mist,
          minmay_hexomino_p4
D:2:      layout_rooms, roderic_serpentine_path, guppyfry_early_orc_mine
D:3:      layout_basic
D:4:      layout_layer_cave, kennysheep_generic_room_2
D:5:      layout_basic, zin_purify, nicolae_qazlal_scattered_showers, uniq_pikel
D:6:      layout_basic, grunt_decor_one_mirror, minivault_25,
          minmay_misc_feat_ornament, minmay_shop_enchanted_jewellery
D:7:      layout_loops_ring, minmay_temple_entry_statues,
          hangedman_decor_points, minmay_manual_macuahuitl
D:8:      layout_loops_corners, nicolae_gozag_conspicuous_consumption,
          columned_hall_lemuel
D:9:      layout_basic, lair_entry_dummy, uniq_gastronok, uniq_maurice,
          uniq_erolcha
Temple:   eino_temple_scatter_basement
Lair:1:   layout_regular_city, grunt_megastairs_3, lemuel_fruit_fields,
          uniq_nergalle

Skill      XL: |  1  2  3  4  5  6  7  8  9 10 |
---------------+-------------------------------+-----
Transmutations | 1 2 3 |  3.2
Earth Magic    | 4 5 6 7 8 |  8.2
Fighting       | 1 2 3 4 6 7 |  7.2
Dodging        | 2 3 4 5 |  5.1
Stealth        | 3 |  3.2
Conjurations   | 1 2 3 4 5 |  5.9
Poison Magic   | 1 2 3 4 |  4.4
Spellcasting   | 3 4 5 |  5.3
Fire Magic     | 1 2 |  2.2
Invocations    | 1 2 |  2.5

Action                   |  1- 3 |  4- 6 |  7- 9 | 10-12 || total
-------------------------+-------+-------+-------+-------++-------
Melee: Mace              |   130 |   217 |    51 |       ||   398
       Punch             |       |     3 |     3 |       ||     6
       Trident           |       |       |    81 |       ||    81
 Fire: Shortbow          |       |       |    34 |    19 ||    53
Throw: Dart              |       |       |     1 |     2 ||     3
 Cast: Sandblast         |    10 |    20 |    78 |    24 ||   132
       Stone Arrow       |       |     3 |    15 |     6 ||    24
       Mephitic Cloud    |       |       |     1 |     1 ||     2
Evoke: Wand              |       |       |     2 |     1 ||     3
  Use: Scroll            |       |       |       |     5 ||     5
       Potion            |       |       |       |     1 ||     1
 Stab: Sleeping          |     3 |     2 |     2 |       ||     7
Armor: Robe              |    51 |       |       |       ||    51
       Leather armour    |     6 |   117 |    61 |       ||   184
       Steam dragon scal |       |       |    51 |     3 ||    54
Dodge: Dodged            |   127 |   162 |   117 |    10 ||   416

Table legend: (Time is in decaauts)
 A = Elapsed time spent in this place.
 B = Non-inter-level travel time spent in this place.
 C = Inter-level travel time spent in this place.
 D = Time resting spent in this place.
 E = Time spent auto-exploring this place.
 F = Levels seen in this place.
 G = Mean time per level.
                   A        B        C        D        E       F      G
               +--------+--------+--------+--------+--------+-----+--------+
         Total |  11498 |  11390 |    108 |   2298 |   5739 |  11 | 1045.3 |
       Dungeon |  11232 |  11124 |    108 |   2298 |   5561 |   9 | 1248.0 |
        Temple |    255 |    255 |      0 |      0 |    178 |   1 |  255.0 |
          Lair |     10 |     10 |      0 |      0 |      0 |   1 |   10.0 |
               +--------+--------+--------+--------+--------+-----+--------+

Top non-repeatable levels by time:
     D:1: 1768 daAuts
     D:4: 1720 daAuts
     D:8: 1334 daAuts
     D:7: 1246 daAuts
     D:3: 1209 daAuts
     D:2: 1147 daAuts
     D:9: 987 daAuts
     D:5: 922 daAuts
     D:6: 896 daAuts
  Temple: 255 daAuts
  Lair:1: 10 daAuts
